 Dungeon Crawl Stone Soup version 0.30.1 (webtiles) character file.

Game seed: 14329915705797559006

64 Graphine the Sneak (level 4, -4/27 HPs)
             Began as a Kobold Brigand on July 4, 2023.
             Slain by Sigmund
             ... wielding a +1 scythe of flaming
              (8 damage)
             ... on level 2 of the Dungeon.
             The game lasted 00:02:32 (1105 turns).

Graphine the Sneak (Kobold Brigand)                 Turns: 1105, Time: 00:02:32

Health: -4/27      AC:  4    Str:  8    XL:     4   Next: 32%
Magic:  4/4        EV: 15    Int: 18    God:
Gold:   36         SH:  0    Dex: 18    Spells: 3/3 levels left

rFire   . . .        a - +2 dagger
rCold   . . .        (no shield)
rNeg    . . .        b - +0 robe
rPois   .            (no helmet)
rElec   .            c - +0 cloak
rCorr   .            i - +0 pair of gloves
SInv    .            (no boots)
Will    .....        (no amulet)
Stlth   ++++         g - +6 ring of intelligence
HPRegen 0.24/turn    (no ring)
MPRegen 0.09/turn

%: no passive effects
@: no status effects
A: small, no large weapons, nightstalker 3
a: no special abilities


You were on level 2 of the Dungeon.
You visited 1 branch of the dungeon, and saw 2 of its levels.

You collected 36 gold pieces.

Inventory:

Hand Weapons
 a - a +2 dagger (weapon)
Missiles
 d - 9 poisoned darts (quivered)
 e - 2 curare-tipped darts
Armour
 b - a +0 robe (worn)
 c - a +0 cloak (worn)
 i - a +0 pair of gloves (worn)
Jewellery
 g - a +6 ring of intelligence (left hand)
Scrolls
 f - a scroll of fear {unknown}
 h - a scroll of immolation
 j - a scroll of enchant armour {unknown}


   Skills:
 + Level 2.6 Fighting
 * Level 3.5 Short Blades
 * Level 2.9 Throwing
 * Level 2.3 Dodging
 * Level 5.8 Stealth


You had 3 spell levels left.
You didn't know any spells.
Your spell library contained the following spells:

 Spells                   Type           Power      Damage    Failure   Level
 Vhi's Electric Charge    Tloc/Air       0%         N/A       54%         3
 Volatile Blastmotes      Fire/Tloc      0%         2d10      54%         3
 Fulminant Prism          Conj/Hex       0%         3d5       91%         4
 Iskenderun's Mystic Bla  Conj/Tloc      0%         2d3       91%         4
 Arcjolt                  Conj/Air       0%         1d10      99%         5
 Lee's Rapid Deconstruct  Erth           0%         3d4*      99%         5
 Plasma Beam              Fire/Air       0%         2x1d11    100%        6


Dungeon Overview and Level Annotations

Branches:
Dungeon (2/15)

Altars:

Annotations:
D:2 Natasha, Sigmund


Innate Abilities, Weirdness & Mutations

You are small and have problems with some larger weapons.
You are completely attuned to the shadows.


Message History

There are monsters nearby!
Throw: 3 darts (curare)
Press: ? - help, Shift-Dir - straight line, f - Sigmund
Aim: Sigmund, wielding a +1 scythe of flaming, wearing a +0 robe and carrying a wand of polymorph (8) (60% to hit)
You throw a curare-tipped dart. The curare-tipped dart hits Sigmund.
Sigmund is poisoned.
Sigmund convulses.
Sigmund seems to slow down.
Sigmund is heavily wounded.
The kobold closely misses you.
Sigmund hits you with a +1 scythe of flaming!
Sigmund burns you.
You closely miss Sigmund.
Sigmund is moderately wounded.
Natasha, Servant of Life and Death comes into view.
The kobold barely misses you.
You barely miss Sigmund.
Sigmund is moderately wounded.
You barely miss Sigmund.
Sigmund is heavily wounded.
The kobold closely misses you.
Sigmund zaps a wand.
You resist with some effort.
You hit Sigmund.
Sigmund is heavily wounded.
The kobold barely misses you.
You hit Sigmund but do no damage.
Sigmund is heavily wounded.
Sigmund hits you with a +1 scythe of flaming.
Sigmund burns you. The kobold barely misses you.
Okay, then.
You hit Sigmund.
Sigmund is severely wounded.
The kobold completely misses you. Natasha claws you!
* * * LOW HITPOINT WARNING * * *
Hit: a) +2 dagger
Press: ? - help, Dir - move target, f/p - Sigmund
Aim: Sigmund, wielding a +1 scythe of flaming, wearing a +0 robe and carrying a wand of polymorph (7) (severely wounded, poisoned, slow, about 34% to evade your +2 dagger)
You hit Sigmund.
Sigmund is severely wounded.
Sigmund hits you with a +1 scythe of flaming!
You die...

......................
...###...............
..............#..
................. ..
................ ...
.........#.....
...###.........#.....
...@.#.........#.....
...h@K.... ....#.....
.......... .......###
.......... .##....#
.....#.... #..>.#
.....#.... #....#
.....##...####....###
.....# ............
.....# .....#####..
.....##..............


You could see Sigmund (poisoned, slow), Natasha and a kobold.

Vanquished Creatures
  Natasha (D:2)
  An adder (D:2)
  An endoplasm (D:1)
  3 giant cockroaches (D:1)
  3 goblins
  2 hobgoblins (D:1)
  3 jackals (D:1)
  2 quokkas
  3 ball pythons
  2 bats (D:1)
  2 frilled lizards
  2 kobolds (D:1)
  4 rats
29 creatures vanquished.

Notes
Turn   | Place    | Note
-------+----------+-------------------------------------------
     0 | D:1      | Graphine the Kobold Brigand began the quest for the Orb.
     0 | D:1      | Reached XP level 1. HP: 12/12 MP: 1/1
   140 | D:1      | Reached XP level 2. HP: 18/18 MP: 2/2
   575 | D:1      | Reached XP level 3. HP: 22/22 MP: 3/3
   988 | D:2      | Noticed Natasha
   992 | D:2      | Killed Natasha
   993 | D:2      | Reached XP level 4. HP: 27/27 MP: 4/4
  1091 | D:2      | Noticed Sigmund
  1099 | D:2      | Noticed Natasha
  1105 | D:2      | Slain by Sigmund

Illustrated notes

Levels and vault maps discovered:
D:1:      amcnicky_arrival_gap_in_the_tavern_cellar, layout_basic
D:2:      layout_basic, uniq_natasha, uniq_sigmund

Skill      XL: |  1  2  3 |
---------------+----------+-----
Short Blades   | 3 |  3.5
Dodging        | 2 |  2.3
Fighting       | |  2.6
Throwing       | |  2.9
Stealth        | |  5.8

Action                     |  1- 3 |  4- 6 || total
---------------------------+-------+-------++-------
  Melee: Dagger            |    61 |    13 ||    74
         Punch             |     1 |       ||     1
  Throw: Dart              |       |     1 ||     1
    Use: Scroll            |     1 |       ||     1
   Stab: Sleeping          |    15 |       ||    15
 Armour: Robe              |    10 |       ||    10
  Dodge: Dodged            |    37 |    10 ||    47
